 Dungeon Crawl Stone Soup version 0.21.1-1-g345015f (webtiles) character file.

5600 toffzen the Grappler (level 10, 0/147 HPs)
             Began as a Troll Transmuter on Apr 12, 2018.
             Was a Follower of Wu Jian.
             Slain by a 13-headed hydra (8 damage)
             ... on level 8 of the Dungeon.
             The game lasted 00:24:16 (9567 turns).

toffzen the Grappler (Troll Transmuter)             Turns: 9567, Time: 00:24:16

Health: 0/147      AC: 14    Str: 28    XL:     10   Next: 45%
Magic:  10/10      EV: 11    Int:  9    God:    Wu Jian [*.....]
Gold:   600        SH:  0    Dex: 14    Spells: 8/11 levels left

rFire    . . .     SeeInvis .     - Unarmed
rCold    + + +     Gourm    +   (no shield)
rNeg     . . .     Faith    .   P - +0 ice dragon scales
rPois    .         Spirit   .   L - +2 hat
rElec    .         Reflect  .   (no cloak)
rCorr    .         Harm     .   (gloves unavailable)
MR       +....                  (boots unavailable)
Stlth    ..........             F - amulet of rage
HPRegen  0.74/turn              M - ring "Jaopeunya" {rC+ MR+ Dex+4}
MPRegen  0.12/turn              K - ring of protection from fire

@: berserking, very quick
A: large, unfitting armour, claws 3, fast metabolism 3, gourmand, regeneration
1, shaggy fur 1, tough skin 2
a: Renounce Religion, Evoke Berserk Rage


You were on level 8 of the Dungeon.
You worshipped Wu Jian.
Wu Jian was aware of your devotion.
You were very full.

You visited 2 branches of the dungeon, and saw 11 of its levels.

You collected 600 gold pieces.

Inventory:

Hand Weapons
 n - a +0 hunting sling
 v - a +0 hunting sling
 z - the +7 sceptre of Torment
   (You found it on level 6 of the Dungeon)
Missiles
 a - 126 arrows
 m - 247 stones (quivered)
 q - 3 throwing nets
 r - 70 sling bullets
Armour
 b - a +0 robe
 L - a +2 hat (worn)
 P - +0 ice dragon scales (worn)
Magical Staves
 u - an uncursed staff of summoning {unknown}
Jewellery
 F - an amulet of rage (around neck)
 K - a ring of protection from fire (right claw)
 M - the ring "Jaopeunya" (left claw) {rC+ MR+ Dex+4}
   (You found it on level 8 of the Dungeon)

   [ring of protection from magic]

   It affects your dexterity (+4).
   It protects you from cold.
   It affects your resistance to hostile enchantments.
Wands
 k - a wand of enslavement (12)
 t - a wand of polymorph (8)
 C - a wand of scattershot (1)
 E - a wand of random effects (19)
 O - a wand of paralysis (14)
Scrolls
 e - 4 scrolls of fog
 g - 5 scrolls of teleportation
 h - 2 scrolls of remove curse
 o - a scroll of enchant armour
 w - a scroll of magic mapping {unknown}
 x - a scroll of immolation {unknown}
 y - a scroll of fear {unknown}
 A - a scroll of brand weapon {unknown}
 B - 3 scrolls of summoning
 J - a scroll of random uselessness {unknown}
 Q - a scroll of blinking {unknown}
Potions
 i - 2 potions of lignification
 j - 2 potions of brilliance
 l - 4 potions of degeneration
 p - a potion of heal wounds
 s - a potion of mutation
 D - a potion of invisibility
 H - 2 potions of cancellation
 I - 3 potions of curing
 N - a potion of flight
Books
 c - a book of Changes

   Spells                             Type                      Level
   a - Beastly Appendage              Transmutation                1
   b - Sticks to Snakes               Transmutation                2
   c - Spider Form                    Transmutation/Poison         3
   d - Ice Form                       Ice/Transmutation            4
   e - Blade Hands                    Transmutation                5
Comestibles
 d - 18 rations


   Skills:
 + Level 6.0 Fighting
 + Level 6.2 Dodging
 * Level 10.6 Unarmed Combat
 - Level 1.2 Spellcasting
 - Level 4.9 Transmutations


You had 8 spell levels left.
You knew the following spells:

 Your Spells              Type           Power        Failure   Level  Hunger
a - Beastly Appendage     Tmut           #.....       13%         1    ##.....
b - Sticks to Snakes      Tmut           #.......     19%         2    ###....


Dungeon Overview and Level Annotations

Branches:
Dungeon (10/15)            Temple (1/1) D:7
   Lair: D:8-11         Orc: D:9-12

Altars:
Ashenzari
Cheibriados
Dithmenos
Elyvilon
Fedhas
Gozag
Hepliaklqana
Kikubaaqudgha
Makhleb
Nemelex Xobeh
Okawaru
Qazlal
Ru
Sif Muna
Trog
Uskayaw
Vehumet
Wu Jian
Xom
Yredelemnul
Zin
The Shining One

Shops:
D:6 *%

Annotations:
D:6 exclusion: 2 doors
D:9 mtoz's ghost, novice MiBe


Innate Abilities, Weirdness & Mutations

You are too large for most types of armour.
You have claws for hands.
Your metabolism is lightning-fast.
You like to eat raw meat.
Your natural rate of healing is unusually fast.
You are covered in fur. (AC +1)
You have very tough skin. (AC +2)


Message History

The 11-headed hydra bites you!
* * * LOW HITPOINT WARNING * * *
You rip one of the 11-headed hydra's heads off!
The ten-headed hydra grows two more!
You claw the 12-headed hydra!
The 12-headed hydra is heavily wounded.
Unknown command.
You rip one of the 12-headed hydra's heads off!
The 11-headed hydra grows two more!
You eviscerate the 13-headed hydra!!!
The 13-headed hydra is almost dead.
The 13-headed hydra bites you!
* * * LOW HITPOINT WARNING * * *
The 13-headed hydra bites you.
* * * LOW HITPOINT WARNING * * *
The 13-headed hydra bites you but does no damage. x2
The 13-headed hydra closely misses you.
The 13-headed hydra bites you but does no damage.
The 13-headed hydra bites you.
* * * LOW HITPOINT WARNING * * *
The 13-headed hydra bites you!
You die...

.........# #......(#
.........#############.###.###
.................>...#.# #.#
###.############.###.#.# #.#
#.##.........#.# #.#.# #.#
#.##.#..#.#..#.# #.#.# #.#
#.##.........#.# #.#.###.###
#.##....#....#D###.#.#.....#
#.##......#..#@#...#.#.#####
###.##..#.#.#........#.#.#
....##..#.#.##.#.#..##.#.#
..........#.........##.#.#
.....#.##.####.#.#..##.#.#
.....#.##.#.##.#.##.##.#.#####
.......#<...##.#.............#
....#####.#.##.####.###.######
##......#.#..........##.#


You could see a 13-headed hydra.

Vanquished Creatures
  A two-headed ogre (D:8)
  Joseph (D:9)
  A troll (D:9)
  5 yaks
  2 hungry ghosts
  Duvessa (D:5)
  A black bear (D:9)
  An orc warrior (D:8)
  An ice beast (D:8)
  A phantom (D:8)
  A hornet zombie (D:10)
  A centaur (D:9)
  8 ogres
  2 big kobolds
  2 bullfrogs
  A water moccasin zombie (D:9)
  Dowan (D:5)
  A wyvern skeleton (D:9)
  A scorpion (D:7)
  A howler monkey (D:9)
  2 centaur zombies
  7 hounds
  3 jellies
  4 crimson imps
  8 orc wizards
  3 bullfrog skeletons
  4 orc priests
  Jessica (D:3)
  Ijyb (D:5)
  10 worker ants
  3 killer bee zombies
  2 worker ant zombies
  6 adders
  4 gnolls (D:4)
  3 shadow imps
  2 oozes
  An adder skeleton (D:7)
  A worm (D:3)
  3 dart slugs
  8 leopard geckos
  32 orcs
  9 bats
  5 giant cockroaches
  9 goblins
  6 hobgoblins
  13 jackals
  17 kobolds
  4 quokkas
  3 ball pythons
  8 frilled lizards
  A quokka zombie (D:7)
  12 rats
229 creatures vanquished.

Notes
Turn   | Place    | Note
-------+----------+-------------------------------------------
     0 | D:1      | toffzen the Troll Transmuter began the quest for the Orb.
     0 | D:1      | Reached XP level 1. HP: 18/18 MP: 1/1
    84 | D:1      | Reached skill level 1 in Fighting
   112 | D:1      | Reached XP level 2. HP: 27/27 MP: 2/2
   147 | D:1      | Learned a level 2 spell: Sticks to Snakes
   564 | D:2      | Found a shimmering altar of Xom.
   579 | D:2      | Reached XP level 3. HP: 33/33 MP: 3/3
   733 | D:2      | Reached XP level 4. HP: 34/41 MP: 4/4
   738 | D:2      | Reached skill level 4 in Unarmed Combat
  1438 | D:2      | Found a glowing silver altar of Zin.
  1598 | D:3      | Reached XP level 5. HP: 49/49 MP: 5/5
  2106 | D:3      | Reached XP level 6. HP: 57/57 MP: 6/6
  2255 | D:3      | Noticed Jessica
  2330 | D:3      | Killed Jessica
  2330 | D:3      | Reached skill level 5 in Unarmed Combat
  2921 | D:4      | Reached XP level 7. HP: 61/66 MP: 7/7
  3073 | D:4      | Found an ancient bone altar of Kikubaaqudgha.
  3349 | D:4      | Reached skill level 6 in Unarmed Combat
  3694 | D:5      | Entered Level 5 of the Dungeon
  3728 | D:5      | Noticed Duvessa
  3728 | D:5      | Noticed Dowan
  3733 | D:5      | Killed Duvessa
  3735 | D:5      | Killed Dowan
  3905 | D:5      | Reached XP level 8. HP: 40/75 MP: 8/8
  4045 | D:5      | Noticed Ijyb
  4073 | D:5      | Killed Ijyb
  4395 | D:5      | Reached skill level 7 in Unarmed Combat
  4931 | D:6      | Found the +7 sceptre of Torment
  5010 | D:6      | You fall through a shaft for 2 floors!
  5763 | D:7      | Reached skill level 8 in Unarmed Combat
  5811 | D:7      | Reached XP level 9. HP: 84/84 MP: 9/9
  5841 | D:7      | Found a staircase to the Ecumenical Temple.
  5850 | Temple   | Entered the Ecumenical Temple
  5952 | Temple   | Became a worshipper of the Wu Jian Council
  6644 | D:6      | Found Soigin's General Store.
  6823 | D:6      | Found a hide-covered altar of Uskayaw.
  6823 | D:6      | Found a sacrificial altar of Ru.
  6823 | D:6      | Found an iron altar of Okawaru.
  6823 | D:6      | Found a snail-covered altar of Cheibriados.
  6829 | D:6      | Found a stormy altar of Qazlal.
  6829 | D:6      | Found a blossoming altar of Fedhas.
  7155 | D:6      | Found Qoggufue's Food Boutique.
  7352 | D:8      | Found a deep blue altar of Sif Muna.
  7533 | D:8      | Found an opulent altar of Gozag.
  7533 | D:8      | Found a hazy altar of Hepliaklqana.
  7587 | D:8      | Noticed a two-headed ogre
  7591 | D:8      | Killed a two-headed ogre
  7591 | D:8      | Reached skill level 5 in Dodging
  7591 | D:8      | Reached skill level 9 in Unarmed Combat
  7620 | D:8      | Reached skill level 5 in Fighting
  7696 | D:8      | Got a twitching tin ring
  7697 | D:8      | Identified the ring "Jaopeunya" {rC+ MR+ Dex+4} (You found it on level 8 of the Dungeon)
  7767 | D:8      | Reached * piety under Wu Jian
  8252 | D:9      | Noticed a troll
  8343 | D:9      | Noticed mtoz's ghost (novice MiBe)
  8444 | D:9      | Noticed an eight-headed hydra
  8513 | D:9      | Killed a troll
  8513 | D:9      | Reached XP level 10. HP: 54/96 MP: 10/10
  8853 | D:8      | Reached skill level 10 in Unarmed Combat
  9002 | D:9      | Found a white marble altar of Elyvilon.
  9239 | D:9      | Noticed Joseph
  9248 | D:9      | Killed Joseph
  9352 | D:10     | Entered Level 10 of the Dungeon
  9389 | D:10     | Noticed a two-headed ogre
  9567 | D:8      | Slain by a 13-headed hydra

Skill      XL: |  1  2  3  4  5  6  7  8  9 10 |
---------------+-------------------------------+-----
Fighting       | 1 2 3 4 5 6 |  6.0
Dodging        | 2 3 4 5 6 |  6.2
Unarmed Combat | 4 5 6 8 9 10 | 10.6
Transmutations | 2 3 4 |  4.9
Spellcasting   | |  1.2

Action                   |  1- 3 |  4- 6 |  7- 9 | 10-12 || total
-------------------------+-------+-------+-------+-------++-------
Melee: Unarmed           |    89 |   198 |   321 |    89 ||   697
       Punch             |     1 |       |    14 |     4 ||    19
Throw: Stone             |     1 |     3 |    25 |     3 ||    32
Invok: Lunge             |       |       |    24 |    12 ||    36
       Whirlwind         |       |       |       |    13 ||    13
Evoke: Wand              |       |       |     6 |     3 ||     9
  Use: Scroll            |       |    10 |     6 |     2 ||    18
       Potion            |       |       |     2 |     2 ||     4
 Stab: Sleeping          |       |       |     1 |       ||     1
  Eat: Chunk             |    12 |    20 |    46 |    18 ||    96
Armor: Robe              |    31 |    69 |    56 |    14 ||   170
       Skin              |       |       |    13 |       ||    13
       Ice dragon scales |       |       |       |    33 ||    33
Dodge: Dodged            |    54 |    97 |   139 |    57 ||   347
